[Event "Titled Tuesday Blitz May 9 Early 2023"]
[White "Mackster23"]
[Black "Agibileg, Uurtsaikh"]
[BlackFideId "4901606"]
[WhiteElo "2441"]
[BlackElo "2353"]
[Result "0-1"]
[Round "09"]
[TimeControl "180+2"]
[Date "2023.05.09"]
[WhiteClock "0:00:02"]
[BlackClock "0:00:09"]

1. e4 c5 2. Nf3 Nc6 3. d4 c4 4. Bxc4 Qc7 5. c3 e6 6. O-O d6 7. d5 exd5 8. exd5 Nce7 9. Na3 a6 10. Bg5 Bd7 11. Re1 h6 12. Bh4 O-O-O 13. Nd4 g5 14. Bg3 Ng6 15. Bb3 h5 16. h3 h4 17. Bh2 Nf6 18. Qf3 Nh5 19. Qxf7 Nhf4 20. Ne6 Bxe6 21. Qxc7+ Kxc7 22. dxe6 Be7 23. Nc2 g4 24. hxg4 h3 25. Ne3 hxg2 26. Bxf4 Nxf4 27. Nd5+ Nxd5 28. Bxd5 Rdg8 29. f3 Rg5 30. c4 Bf6 31. Rab1 Be5 32. Kxg2 Rh2+ 33. Kg1 Rd2 34. e7 Kd7 35. e8=Q+ Kxe8 36. f4 Rxg4+ 37. Kh1 Rxf4 38. Re4 Rf6 39. Rh4 Rff2 40. b3 Kd8 41. Re1 Kc7 42. a4 Kb6 43. Rh7 Kc5 44. Rh5 Kb4 45. Rh3 a5 46. Rb1 b6 47. Rh4 Rfe2 48. Rh3 Rc2 49. Kg1 Bd4+ 50. Kf1 Rf2+ 51. Ke1 Rce2+ 52. Kd1 Ra2 53. Rh1 Rg2 54. Ke1 Rge2+ 55. Kd1 Rad2+ 56. Kc1 Be3 57. Rh3 Bg5 58. Rh1 Rb2+ 59. Kd1 Rbd2+ 60. Kc1 Rf2 61. Rg1 Bf4 62. Re1 Rb2+ 63. Kd1 Rxb1# 0-1


[Site "https://www.chess.com"]

[Event "Titled Tuesday Blitz May 9 Early 2023"]
[White "Gontcharov, Vladislav"]
[Black "Gutkin, Ilya"]
[WhiteFideId "4123492"]
[BlackFideId "16203470"]
[WhiteElo "2420"]
[BlackElo "2265"]
[Result "1/2-1/2"]
[Round "09"]
[TimeControl "180+2"]
[Date "2023.05.09"]
[WhiteClock "0:00:16"]
[BlackClock "0:00:02"]

1. e4 e6 2. d4 d5 3. e5 c5 4. c3 Nc6 5. Nf3 Nh6 6. Be2 cxd4 7. cxd4 Nf5 8. b3 Bb4+ 9. Kf1 O-O 10. h4 f6 11. exf6 Qxf6 12. Bg5 Qf7 13. Be3 Nxe3+ 14. fxe3 e5 15. dxe5 Nxe5 16. Qd4 Nc6 17. Qf4 Qe6 18. Qg5 Rf5 19. Qg4 Qf6 20. Nc3 Bxc3 21. Rd1 Ne5 22. Qg3 Nxf3 23. gxf3 Be5 24. f4 Bc7 25. Bf3 Be6 26. h5 Rf8 27. h6 g6 28. Ke2 Qb2+ 29. Rd2 Qc3 30. Rd3 Qc2+ 31. Rd2 Qc5 32. Rhd1 Ba5 33. Rd3 Qc2+ 34. Kf1 Qxa2 35. Bg4 R5f6 36. Bxe6+ Rxe6 37. Rxd5 Qxb3 38. R5d3 Qb5 39. Kg2 Qc6+ 40. Kh2 Re7 41. f5 Rxf5 42. Qb8+ Rf8 43. Qg3 Qf6 44. Rd5 Qf2+ 45. Qxf2 Rxf2+ 46. Kg3 Rf8 47. Rxa5 Rxe3+ 48. Kg4 Re4+ 49. Kg3 a6 50. Rd7 Rf7 51. Rd8+ Rf8 52. Rd7 Rb4 53. Rg7+ Kh8 54. Rd5 Rb3+ 55. Kg4 Rb4+ 56. Kg3 Rb3+ 57. Kg4 Rb4+ 58. Kg3 1/2-1/2


[Site "https://www.chess.com"]

[Event "Titled Tuesday Blitz May 9 Early 2023"]
[White "Koridze, Lile"]
[Black "Al-Tarboush, Ward"]
[WhiteFideId "13612514"]
[BlackFideId "7601450"]
[WhiteElo "2047"]
[BlackElo "2265"]
[Result "1/2-1/2"]
[Round "09"]
[TimeControl "180+2"]
[Date "2023.05.09"]
[WhiteClock "0:01:14"]
[BlackClock "0:00:17"]

1. d4 Nf6 2. c4 b6 3. Nc3 Bb7 4. Nf3 e6 5. e3 Bb4 6. Bd2 O-O 7. Bd3 c5 8. O-O cxd4 9. exd4 d5 10. a3 Bd6 11. h3 Nbd7 12. Qe2 dxc4 13. Bxc4 Qc7 14. Rac1 a6 15. Bd3 Qb8 16. Ne4 Nxe4 17. Bxe4 Bxe4 18. Qxe4 Nf6 19. Qh4 Qb7 20. Bg5 Be7 21. Ne5 Rac8 22. Rxc8 Rxc8 23. Rc1 Rxc1+ 24. Bxc1 Qc7 25. Qf4 h6 26. Bd2 Bd6 27. Bc3 Nd5 28. Qd2 Nxc3 29. bxc3 Bxe5 30. dxe5 Qxe5 31. Qd8+ Kh7 32. Qxb6 Qxc3 33. Qxa6 Qa1+ 34. Kh2 Qe5+ 35. Kg1 Qe1+ 36. Qf1 Qa5 37. Qd3+ f5 38. Qb3 e5 39. Qb4 Qd8 40. Qb1 e4 41. a4 Qd2 42. Qb5 Qe1+ 43. Qf1 Qc3 44. Qb5 Qe1+ 45. Qf1 Qc3 46. Qb5 Qc1+ 47. Qf1 Qa3 48. Qb5 Qa1+ 49. Kh2 Kg6 50. a5 f4 51. Qb6+ Kh7 52. a6 e3 53. fxe3 fxe3 54. Qxe3 Qxa6 55. Qe4+ Kg8 56. Qe8+ Kh7 57. Qe4+ Qg6 58. Qxg6+ Kxg6 59. Kg3 Kf5 60. Kf3 Ke5 61. Ke3 g6 62. Kf3 Kf5 63. Ke3 Kg5 64. Kf3 Kf5 65. Ke3 Ke5 66. Kf3 Kd5 67. Ke3 g5 68. Kf3 Ke5 69. Kg4 Kf6 70. Kh5 Kg7 71. g3 Kh7 72. h4 gxh4 73. gxh4 Kg7 74. Kg4 Kg6 75. Kf4 Kf6 76. Kg4 Kg6 77. Kf4 Kh5 78. Kg3 Kg6 79. Kg4 h5+ 80. Kf4 Kf6 81. Kg3 Ke5 82. Kf3 Kf5 83. Kg3 Ke4 84. Kg2 Kf4 85. Kg1 Kg3 86. Kh1 Kxh4 87. Kh2 Kg4 88. Kg2 Kf4 89. Kh3 Kg5 90. Kg3 Kf5 91. Kh4 Kg6 92. Kh3 Kg5 93. Kg3 h4+ 94. Kh3 Kh5 95. Kh2 Kg4 96. Kg2 h3+ 97. Kh2 Kh4 98. Kh1 Kg3 99. Kg1 Kg4 100. Kh1 Kh4 101. Kg1 Kg3 102. Kh1 h2 1/2-1/2


[Site "https://www.chess.com"]

[Event "Titled Tuesday Blitz May 9 Early 2023"]
[White "Rios Escobar, Adan"]
[Black "Lorenzo De La Riva, Lazaro"]
[WhiteFideId "3403645"]
[BlackFideId "2268809"]
[WhiteElo "2419"]
[BlackElo "2294"]
[Result "0-1"]
[Round "09"]
[TimeControl "180+2"]
[Date "2023.05.09"]
[WhiteClock "0:00:47"]
[BlackClock "0:00:24"]

1. d4 Nf6 2. g3 c5 3. d5 b5 4. a4 b4 5. c4 bxc3 6. Nxc3 d6 7. e4 g6 8. Bb5+ Bd7 9. Nf3 Bg7 10. e5 dxe5 11. Nxe5 O-O 12. O-O a6 13. Bxd7 Nfxd7 14. Nc6 Nxc6 15. dxc6 Ne5 16. Qxd8 Rfxd8 17. c7 Rd7 18. Bg5 Nf3+ 19. Kg2 Nxg5 20. Rfd1 Rxc7 21. Nd5 Rb7 22. a5 Bxb2 23. Rab1 Rab8 24. Nb6 Bd4 25. Rbc1 Ne6 26. h4 h5 27. Nd5 Kf8 28. Rc2 Rb5 29. Ra2 Rb2 30. Rd2 Rxd2 31. Rxd2 Rb2 32. Rxb2 Bxb2 33. Kf3 Nd4+ 34. Ke4 Nc6 35. Nc7 Nxa5 36. Nxa6 c4 37. Nc5 e6 38. f3 Kg7 39. g4 Bf6 40. g5 Be7 41. Na4 Bd6 42. f4 Bb4 43. Kf3 c3 44. Ke2 Bd6 45. Nxc3 Bxf4 46. Kf3 Bb8 47. Ne4 Nc6 48. Kg2 Ne7 49. Kh3 Nf5 50. Nf6 Be5 51. Nd7 Bd4 52. Nb8 Bf2 53. Nc6 Bxh4 54. Ne5 Bxg5 55. Nf3 Bf6 56. Nh2 e5 57. Nf3 e4 58. Nd2 e3 59. Nf3 g5 60. Kg2 g4 61. Ne1 h4 62. Kh2 Kg6 63. Kg2 Kg5 64. Kh2 Kf4 65. Kg2 Ke4 66. Kh2 Bc3 67. Ng2 e2 68. Kg1 e1=Q+ 69. Nxe1 Bxe1 70. Kg2 Ba5 71. Kh2 g3+ 0-1


[Site "https://www.chess.com"]

[Event "Titled Tuesday Blitz May 9 Early 2023"]
[White "Rottenwohrer Suarez, Juan"]
[Black "egorchess95"]
[WhiteFideId "32068182"]
[WhiteElo "2174"]
[BlackElo "2537"]
[Result "0-1"]
[Round "09"]
[TimeControl "180+2"]
[Date "2023.05.09"]
[WhiteClock "0:00:00"]
[BlackClock "0:01:39"]

1. d4 d5 2. c4 e6 3. Nc3 Nf6 4. cxd5 exd5 5. Bg5 c6 6. Qc2 Be7 7. e3 Nbd7 8. Bd3 Nh5 9. Bxe7 Qxe7 10. Nge2 g6 11. O-O-O Nf8 12. h3 Be6 13. Kb1 O-O-O 14. Na4 Kb8 15. Nc5 Nd7 16. Nxd7+ Bxd7 17. Nc3 Ng7 18. g4 h5 19. Rhg1 hxg4 20. hxg4 Rh2 21. Na4 Qh4 22. Rd2 Bxg4 23. Qb3 Bc8 24. Nc5 Ka8 25. Qc2 Qe7 26. Rc1 Bf5 27. a4 Bxd3 28. Rxd3 Ne6 29. b4 Nxc5 30. bxc5 Qc7 31. Rb3 Rdh8 32. Ka2 Rg2 33. Rcb1 Rhh2 34. Rf1 Qg3 35. Ka3 Rxf2 36. Rxf2 Qxf2 37. Qc3 Qa2+ 38. Kb4 Rc2 39. Qd3 Rc4+ 0-1


[Site "https://www.chess.com"]

[Event "Titled Tuesday Blitz May 9 Early 2023"]
[White "Yelisieiev, Yevhenii"]
[Black "Andrews, Todd"]
[WhiteFideId "14139642"]
[BlackFideId "2012456"]
[WhiteElo "2403"]
[BlackElo "2173"]
[Result "0-1"]
[Round "09"]
[TimeControl "180+2"]
[Date "2023.05.09"]
[WhiteClock "0:00:01"]
[BlackClock "0:00:15"]

1. d4 Nf6 2. Nf3 g6 3. g3 Bg7 4. Bg2 O-O 5. O-O d6 6. b3 Nbd7 7. Bb2 e5 8. dxe5 dxe5 9. Nxe5 Ng4 10. Nd3 Bxb2 11. Nxb2 Qf6 12. c3 Nc5 13. Qd4 Qe7 14. Nd3 Nxd3 15. exd3 c6 16. Qe4 Be6 17. Nd2 Rad8 18. d4 Qa3 19. Qf4 Qb2 20. Ne4 f5 21. Nc5 Bd5 22. Bxd5+ Rxd5 23. Ne6 Re8 24. Nc7 Re4 25. Qg5 Rd7 26. h3 Rxc7 27. hxg4 Rxg4 28. Qe3 Re4 29. Qd3 Rce7 30. d5 cxd5 31. Qxd5+ Kg7 32. c4 Re2 33. Rad1 Rc2 34. Qd4+ Qxd4 35. Rxd4 Rxa2 36. Rd5 Rb2 37. Rb5 b6 38. b4 h5 39. Kg2 Ree2 40. Kf3 Rec2 41. c5 bxc5 42. Rxc5 Rxc5 43. bxc5 Rc2 44. Ra1 Rxc5 45. Rxa7+ Kh6 46. Ra6 Rc3+ 47. Kg2 Kg5 48. Ra4 Kf6 49. Ra6+ Kg5 50. Ra4 Rb3 51. Ra6 Kh6 52. Rc6 Rb4 53. Ra6 Rg4 54. Rc6 f4 55. Kf3 fxg3 56. fxg3 Rg5 57. Ra6 Rf5+ 58. Kg2 Kg5 59. Kh3 Re5 60. Rb6 Rd5 61. Ra6 Kf5 62. Rb6 g5 63. Rb8 Rd3 64. Rf8+ Kg6 65. Rg8+ Kf6 66. Rf8+ Kg7 67. Re8 h4 68. Re5 Rxg3+ 69. Kh2 Kf6 70. Ra5 Kg6 71. Ra6+ Kh5 72. Ra8 Rf3 73. Rh8+ Kg4 74. Ra8 Rf2+ 75. Kg1 Rf4 76. Ra3 Re4 77. Rb3 Kf4 78. Rc3 g4 79. Rc8 h3 80. Kf2 g3+ 81. Kf1 g2+ 82. Kf2 Re2+ 83. Kxe2 g1=Q 84. Rf8+ Ke5 85. Re8+ Kf6 86. Rf8+ Ke7 87. Rf3 h2 0-1


[Site "https://www.chess.com"]

[Event "Titled Tuesday Blitz May 9 Early 2023"]
[White "Erzhanov, Arman"]
[Black "Balla, Tamas-Kristof"]
[WhiteFideId "4138821"]
[BlackFideId "1208497"]
[WhiteElo "2138"]
[BlackElo "2334"]
[Result "1-0"]
[Round "09"]
[TimeControl "180+2"]
[Date "2023.05.09"]
[WhiteClock "0:00:46"]
[BlackClock "0:00:08"]

1. e4 c5 2. Nf3 Nc6 3. Bb5 Nf6 4. e5 Nd5 5. Nc3 Nc7 6. Bxc6 dxc6 7. h3 g6 8. O-O Bg7 9. Re1 O-O 10. d3 Ne6 11. Be3 Nd4 12. Bf4 b6 13. Ne4 Bf5 14. Ng3 Be6 15. c3 Nxf3+ 16. Qxf3 Qd7 17. Ne4 Rfd8 18. Re3 Bf5 19. Rae1 Bxe4 20. Qxe4 Qe6 21. b3 Rd7 22. Rd1 Rad8 23. Bg3 a5 24. f4 b5 25. Rd2 Qd5 26. Qxd5 cxd5 27. Re1 e6 28. Bf2 Rb7 29. Bxc5 Bf8 30. Bxf8 Kxf8 31. Rc1 Rc7 32. Rdc2 Rdc8 33. Kf2 a4 34. Ke3 axb3 35. axb3 Ra8 36. Kd4 Ra3 37. Rb1 Ke7 38. g4 h6 39. Rf2 Raa7 40. f5 gxf5 41. gxf5 exf5 42. Rxf5 Ra2 43. Rbf1 Ke8 44. Rc1 Rh2 45. Rh5 Rb2 46. b4 Rc6 47. Kxd5 Re6 48. Kc5 Rd2 49. d4 Ra2 50. Kxb5 Ra3 51. d5 Rg6 52. c4 Ke7 53. c5 Ra2 54. c6 Kd8 55. d6 1-0


[Site "https://www.chess.com"]

[Event "Titled Tuesday Blitz May 9 Early 2023"]
[White "Omariev, Maksim"]
[Black "Zaragatski, Ilja"]
[WhiteFideId "4193423"]
[BlackFideId "4655192"]
[WhiteElo "2392"]
[BlackElo "2460"]
[Result "0-1"]
[Round "09"]
[TimeControl "180+2"]
[Date "2023.05.09"]
[WhiteClock "0:00:07"]
[BlackClock "0:00:05"]

1. g4 d5 2. Bg2 c6 3. g5 e5 4. d4 e4 5. c4 Ne7 6. Nc3 Be6 7. h4 Nd7 8. Nh3 Nb6 9. c5 Nd7 10. Nf4 Bf5 11. Be3 h6 12. Qd2 hxg5 13. hxg5 Rxh1+ 14. Bxh1 Ng6 15. O-O-O Be7 16. f3 exf3 17. Bxf3 Ndf8 18. Nfxd5 cxd5 19. Nxd5 Ne6 20. Nxe7 Qxe7 21. b4 Rd8 22. d5 Nef8 23. d6 Qe5 24. Bd4 Qe6 25. Bxb7 Qc4+ 26. Qc3 Qxa2 27. e4 Bg4 28. Rg1 Be6 29. Bxg7 Nd7 30. c6 Nb6 31. d7+ Nxd7 32. c7 Nf4 33. cxd8=Q+ Kxd8 34. Bf6+ Nxf6 35. Qxf6+ Kc7 36. Qxf4+ Kxb7 37. Rd1 Qa1+ 38. Kd2 Qd4+ 39. Ke1 Qxb4+ 40. Kf2 a5 41. Rc1 Qb6+ 42. Qe3 a4 43. Ra1 Qb2+ 44. Kg3 Qxa1 45. Qc5 Qb2 46. Kf4 Qb6 47. Qe7+ Qc7+ 48. e5 Qxe7 49. g6 fxg6 50. Kg3 g5 51. Kf3 a3 52. Ke4 a2 53. Kd3 a1=Q 54. Kd2 Qa2+ 55. Kd3 Qea3+ 56. Kd4 Qc4# 0-1


[Site "https://www.chess.com"]

[Event "Titled Tuesday Blitz May 9 Early 2023"]
[White "Barbot, Pierre"]
[Black "Thorhallsson, Simon"]
[WhiteFideId "663727"]
[BlackFideId "2310090"]
[WhiteElo "2431"]
[BlackElo "2108"]
[Result "0-1"]
[Round "09"]
[TimeControl "180+2"]
[Date "2023.05.09"]
[WhiteClock "0:00:00"]
[BlackClock "0:00:03"]

1. d4 Nf6 2. Nc3 d5 3. Bf4 c5 4. e3 cxd4 5. exd4 a6 6. Nf3 Nc6 7. Ne5 Bd7 8. Be2 e6 9. g4 Bb4 10. O-O Qb6 11. Be3 Qc7 12. f4 Bxc3 13. bxc3 Ne4 14. Bd3 Nxc3 15. Qf3 Ne4 16. c4 Nxe5 17. fxe5 Bc6 18. cxd5 exd5 19. Qf5 O-O 20. Rac1 Rae8 21. Rf3 g6 22. Qf4 Qd7 23. Rh3 f6 24. e6 Rxe6 25. Kh1 Ng5 26. Rh6 Qe7 27. Bxg6 hxg6 28. Rxg6+ Kh7 29. Qf5 Kh8 30. Rh6+ Kg8 31. Rg6+ Kh8 32. Rh6+ Kg8 33. Bxg5 fxg5 34. Rxe6 Qg7 35. Qg6 Qxg6 36. Rxg6+ Kh7 37. Rxg5 Rf4 38. Re5 Rxd4 39. g5 Rd2 40. h4 d4+ 41. Kg1 Rg2+ 42. Kf1 Rh2 43. Re7+ Kg6 44. Rce1 Rxh4 45. R1e5 d3 46. R7e6+ Kg7 47. g6 Rh1+ 48. Kf2 d2 49. Rd6 d1=Q 50. Re7+ Kh6 51. Rxd1 Rxd1 52. g7 Kh7 53. Ke3 Rd7 54. Re8 Kxg7 0-1


[Site "https://www.chess.com"]

[Event "Titled Tuesday Blitz May 9 Early 2023"]
[White "Balint, Vilmos"]
[Black "Nguyen Hong Nhung"]
[WhiteFideId "718050"]
[BlackFideId "12412201"]
[WhiteElo "2034"]
[BlackElo "1996"]
[Result "1-0"]
[Round "09"]
[TimeControl "180+2"]
[Date "2023.05.09"]
[WhiteClock "0:00:06"]
[BlackClock "0:00:00"]

1. e4 c5 2. Nf3 e6 3. g3 Nc6 4. Bg2 d5 5. d3 Nf6 6. O-O dxe4 7. Ng5 exd3 8. cxd3 Bd7 9. Nc3 Be7 10. Be3 O-O 11. Rc1 b6 12. a3 Rc8 13. Nce4 Nd5 14. Nf3 e5 15. Qb3 Be6 16. Qa4 Qd7 17. Nfg5 Bf5 18. b4 h6 19. Nf3 Nxe3 20. fxe3 Qxd3 21. Nf2 Qd7 22. Rfd1 Qe6 23. b5 Na5 24. e4 Bh7 25. Bh3 f5 26. Rd5 Bf6 27. Rcd1 Rcd8 28. Qc2 Nb7 29. exf5 Qxd5 30. Rxd5 Rxd5 31. Qc4 Rd8 32. Nxe5 Na5 33. Qa2 Kf8 34. Nc6 Nxc6 35. bxc6 Rd2 36. Qe6 R2d6 37. Qe4 Re8 38. Qa4 Rc8 39. Bg2 Bd4 40. Kf1 Bxf5 41. Ne4 Re6 42. Qa6 1-0


[Site "https://www.chess.com"]

[Event "Titled Tuesday Blitz May 9 Early 2023"]
[White "Mike24147"]
[Black "Shuvalov, Evgenij"]
[BlackFideId "4187237"]
[WhiteElo "2333"]
[BlackElo "2080"]
[Result "0-1"]
[Round "09"]
[TimeControl "180+2"]
[Date "2023.05.09"]
[WhiteClock "0:00:02"]
[BlackClock "0:00:46"]

1. e4 e6 2. d4 d5 3. Nc3 Bb4 4. Ne2 Nc6 5. exd5 exd5 6. a3 Be7 7. Ng3 Nf6 8. Be2 O-O 9. O-O Re8 10. Bf4 a6 11. Bf3 h6 12. Re1 Be6 13. Qd2 Bf8 14. Be5 Nd7 15. Nxd5 Ndxe5 16. dxe5 Bxd5 17. Qxd5 Qxd5 18. Bxd5 Rxe5 19. Rxe5 Nxe5 20. Bxb7 Rb8 21. Bxa6 Rxb2 22. Bd3 Nxd3 23. cxd3 Bc5 24. Ne4 Bxa3 25. Kf1 Bb4 26. Rc1 Ba5 27. g4 Bb6 28. Kg2 g6 29. Kf3 Rb5 30. Nc3 Rb2 31. Na4 Rxf2+ 32. Kg3 Rd2 33. Rc3 Bd4 34. Rb3 Kf8 35. h3 Ke7 36. Kf3 f5 37. gxf5 gxf5 38. Kg3 Kf6 39. Kf3 Kg5 40. Kg3 h5 41. h4+ Kf6 42. Kf4 Rh2 43. Kg3 Be5+ 44. Kf3 Rxh4 45. Nb2 Rh3+ 46. Ke2 Rh2+ 0-1


[Site "https://www.chess.com"]

[Event "Titled Tuesday Blitz May 9 Early 2023"]
[White "Szente Varga, Fruzsina"]
[Black "Rodchenkov, Sergey D."]
[WhiteFideId "712264"]
[BlackFideId "4168712"]
[WhiteElo "1994"]
[BlackElo "2277"]
[Result "0-1"]
[Round "09"]
[TimeControl "180+2"]
[Date "2023.05.09"]
[WhiteClock "0:00:02"]
[BlackClock "0:00:03"]

1. e4 c5 2. Nf3 d6 3. d4 cxd4 4. Qxd4 Nc6 5. Bb5 Qc7 6. c4 e5 7. Qd3 Ne7 8. O-O Bd7 9. Nc3 a6 10. Ba4 Nb4 11. Bxd7+ Qxd7 12. Qd2 Ng6 13. b3 Be7 14. Ba3 a5 15. Bxb4 axb4 16. Nd5 O-O 17. h3 Rae8 18. Qxb4 f5 19. exf5 Rxf5 20. Rad1 Rxf3 21. gxf3 Nh4 22. Nxe7+ Qxe7 23. c5 Nxf3+ 24. Kh1 e4 25. Qc4+ Kh8 26. Qd5 Qh4 27. Qf5 h5 28. cxd6 Re5 29. Qc8+ Kh7 30. Rg1 Qf4 31. Rg3 Rg5 32. Rxf3 Qxf3+ 33. Kh2 Qg2# 0-1


[Site "https://www.chess.com"]

[Event "Titled Tuesday Blitz May 9 Early 2023"]
[White "Petrovic, Aleksa"]
[Black "Orzech, Dominik"]
[WhiteFideId "967629"]
[BlackFideId "1115065"]
[WhiteElo "2309"]
[BlackElo "2260"]
[Result "0-1"]
[Round "09"]
[TimeControl "180+2"]
[Date "2023.05.09"]
[WhiteClock "0:00:06"]
[BlackClock "0:01:02"]

1. Nf3 Nf6 2. g3 d5 3. Bg2 g6 4. b3 Bg7 5. Bb2 O-O 6. c4 c5 7. cxd5 Qxd5 8. O-O Qh5 9. Qc2 Nc6 10. Rc1 b6 11. d4 Bf5 12. Qd1 Rad8 13. e3 Nb4 14. Ne1 Qh6 15. Qe2 cxd4 16. exd4 Rxd4 17. Nf3 Ng4 18. Bxd4 Qxc1+ 19. Qf1 Qxf1+ 20. Bxf1 Nc2 21. Bxg7 Kxg7 0-1


[Site "https://www.chess.com"]

[Event "Titled Tuesday Blitz May 9 Early 2023"]
[White "babbilator"]
[Black "Spalir, Jernej"]
[BlackFideId "14606518"]
[WhiteElo "2296"]
[BlackElo "2282"]
[Result "1-0"]
[Round "09"]
[TimeControl "180+2"]
[Date "2023.05.09"]
[WhiteClock "0:00:04"]
[BlackClock "0:00:00"]

1. e4 e5 2. Nc3 Nf6 3. Nf3 Nc6 4. Bb5 Bb4 5. d3 O-O 6. O-O Nd4 7. Nxd4 exd4 8. Ne2 c5 9. Nf4 d5 10. Nxd5 Nxd5 11. exd5 Qxd5 12. Bc4 Qc6 13. a4 Bf5 14. Bf4 a6 15. a5 Rae8 16. Qc1 Re2 17. c3 dxc3 18. bxc3 Bxa5 19. Rxa5 b5 20. Bb3 Bxd3 21. Re1 Rfe8 22. Be3 c4 23. Rxe2 Bxe2 24. Bc2 Rd8 25. h3 Rd6 26. Bd4 h6 27. Qe3 Re6 28. Qg3 Bd3 29. Bxd3 cxd3 30. Qxd3 Re1+ 31. Kh2 Qd6+ 32. g3 Qd5 33. f3 Qe6 34. g4 Re2+ 35. Kg1 Re1+ 36. Kf2 Rc1 37. Ra2 Qe1+ 38. Kg2 Qh1+ 39. Kg3 1-0


[Site "https://www.chess.com"]

[Event "Titled Tuesday Blitz May 9 Early 2023"]
[White "Yonal, Timur"]
[Black "Bilan, Danila"]
[WhiteFideId "44115725"]
[BlackFideId "24161918"]
[WhiteElo "1966"]
[BlackElo "2182"]
[Result "1-0"]
[Round "09"]
[TimeControl "180+2"]
[Date "2023.05.09"]
[WhiteClock "0:00:14"]
[BlackClock "0:00:04"]

1. e4 c6 2. d4 d5 3. exd5 cxd5 4. Bd3 Nc6 5. c3 Qc7 6. Na3 a6 7. Nc2 Nf6 8. Nf3 Bg4 9. O-O e6 10. h3 Bh5 11. Re1 Bd6 12. Bg5 Bg6 13. Bxf6 gxf6 14. c4 dxc4 15. Bxc4 Nb4 16. Nxb4 Qxc4 17. a3 O-O 18. Rc1 Qb5 19. Nh4 Bxb4 20. axb4 Qxb4 21. Qg4 Kg7 22. Rc7 Qxe1+ 23. Kh2 f5 24. Qg5 h6 25. Qxg6+ Kh8 26. Qxh6+ Kg8 27. Ng6 Qe5+ 28. dxe5 1-0


[Site "https://www.chess.com"]

[Event "Titled Tuesday Blitz May 9 Early 2023"]
[White "Schut, Han"]
[Black "Sanhueza, Cristian"]
[WhiteFideId "1005561"]
[BlackFideId "116815"]
[WhiteElo "2024"]
[BlackElo "2174"]
[Result "0-1"]
[Round "09"]
[TimeControl "180+2"]
[Date "2023.05.09"]
[WhiteClock "0:00:16"]
[BlackClock "0:00:36"]

1. e4 e5 2. Nf3 Nc6 3. Bc4 Bc5 4. c3 Nf6 5. d4 exd4 6. b4 Bb6 7. e5 d5 8. exf6 dxc4 9. Qe2+ Be6 10. b5 Qxf6 11. bxc6 O-O 12. O-O d3 13. Qe5 bxc6 14. Qxf6 gxf6 15. Be3 Bxe3 16. fxe3 Rab8 17. Nbd2 Rb2 18. Rfb1 Rfb8 19. Kf2 Bd5 20. Ke1 a5 21. Kd1 c5 22. Kc1 Rxb1+ 23. Rxb1 Re8 24. e4 Bxe4 25. Nxc4 d2+ 26. Ncxd2 Bxb1 27. Kxb1 Re2 28. g3 Rf2 29. Kc2 Kg7 30. Kd3 f5 31. Ke3 Rg2 32. Nh4 Rxh2 33. Nxf5+ Kf6 34. g4 Rh3+ 35. Nf3 h5 36. Kf4 hxg4 37. Kxg4 Rxf3 38. Kxf3 Kxf5 39. Ke3 Ke5 40. Kd3 0-1


[Site "https://www.chess.com"]

[Event "Titled Tuesday Blitz May 9 Early 2023"]
[White "Jaivardhan Raj"]
[Black "Jovic, Stanoje"]
[WhiteFideId "25744437"]
[BlackFideId "905020"]
[WhiteElo "1772"]
[BlackElo "2236"]
[Result "0-1"]
[Round "09"]
[TimeControl "180+2"]
[Date "2023.05.09"]
[WhiteClock "0:00:02"]
[BlackClock "0:00:28"]

1. e4 c6 2. d4 d5 3. Nd2 dxe4 4. Nxe4 Nf6 5. Nxf6+ exf6 6. c3 Bd6 7. Bd3 O-O 8. Qc2 h5 9. Ne2 Qc7 10. Be3 Re8 11. O-O-O c5 12. dxc5 Bxc5 13. Bxc5 Qxc5 14. Ng3 Nc6 15. Ne4 Qa5 16. Kb1 Be6 17. b3 Ne5 18. Nd6 Nxd3 19. Rxd3 Bf5 20. Nxf5 Qxf5 21. Rhd1 a5 22. R3d2 Qg5 23. f3 a4 24. Rd7 Qb5 25. c4 axb3 26. Qxb3 Qf5+ 27. Qd3 Qa5 28. Qb3 Re1 29. Rxe1 Qxe1+ 30. Rd1 Qe2 31. g3 Qxh2 32. Rc1 Qxg3 33. c5 Qc7 34. Qb6 Qxb6+ 35. cxb6 Ra6 36. Rc8+ Kh7 37. Rc7 Rxb6+ 38. Ka1 Kg6 39. a4 h4 40. a5 Rb5 41. a6 bxa6 42. Rc4 Kh5 43. Ra4 a5 44. Rg4 g5 45. Rg1 f5 46. Rh1 g4 47. fxg4+ fxg4 48. Ka2 g3 49. Ka3 g2 50. Rg1 h3 51. Ka4 Rg5 52. Ra1 g1=Q 53. Rxg1 Rxg1 54. Kxa5 h2 55. Ka6 h1=Q 56. Ka7 Qc6 57. Kb8 Rb1+ 58. Ka7 Qb7# 0-1


[Site "https://www.chess.com"]

[Event "Titled Tuesday Blitz May 9 Early 2023"]
[White "Vidruska, Renate"]
[Black "Howell, David W L"]
[WhiteFideId "11601841"]
[BlackFideId "410608"]
[WhiteElo "1976"]
[BlackElo "2567"]
[Result "0-1"]
[Round "09"]
[TimeControl "180+2"]
[Date "2023.05.09"]
[WhiteClock "0:00:09"]
[BlackClock "0:00:14"]

1. e4 c5 2. Nf3 e6 3. d4 cxd4 4. Nxd4 Nc6 5. Nc3 Qc7 6. Nxc6 dxc6 7. Bd3 e5 8. O-O Nf6 9. f4 h5 10. fxe5 Ng4 11. Kh1 Be6 12. Bf4 O-O-O 13. Qe2 Nxe5 14. Rad1 Bg4 15. Qf2 Bxd1 16. Rxd1 Ng4 17. Qf3 Bd6 18. Bxd6 Rxd6 19. Qh3 Kb8 20. Rf1 Rf6 21. Rxf6 gxf6 22. Nd1 Qf4 23. Qh4 Rd8 24. Qg3 Qxg3 25. hxg3 Kc7 26. Kg1 Kd6 27. Kf1 Ke5 28. Ke2 b5 29. a3 a5 30. Nc3 Kd4 31. Kf3 Ne5+ 32. Ke2 b4 33. axb4 axb4 34. Na2 Kc5 35. Nc1 Rg8 36. Nb3+ Kb6 37. Kf2 c5 38. Nd2 Rd8 39. Ke3 Rg8 40. Kf2 b3 41. Nf1 c4 42. cxb3 Nxd3+ 0-1


[Site "https://www.chess.com"]

[Event "Titled Tuesday Blitz May 9 Early 2023"]
[White "Kim, Sergey"]
[Black "Fan_Of_Chucky"]
[WhiteFideId "13700570"]
[WhiteElo "2586"]
[BlackElo "2399"]
[Result "1-0"]
[Round "09"]
[TimeControl "180+2"]
[Date "2023.05.09"]
[WhiteClock "0:00:15"]
[BlackClock "0:00:00"]

1. d4 d5 2. c4 e6 3. Nc3 Bb4 4. Nf3 Nf6 5. e3 c5 6. Bd3 cxd4 7. exd4 dxc4 8. Bxc4 O-O 9. O-O Nbd7 10. Bg5 h6 11. Bh4 Bxc3 12. bxc3 Qa5 13. Qd3 b6 14. Rfe1 Bb7 15. Ne5 Nxe5 16. Rxe5 Nd5 17. Bxd5 Bxd5 18. c4 f6 19. Re3 Bb7 20. Rxe6 Rae8 21. Re3 Rxe3 22. Qxe3 Qh5 23. Qe6+ Qf7 24. Qxf7+ Kxf7 25. f3 Rc8 26. Rc1 Bd5 27. c5 b5 28. a3 a6 29. Bg3 Rc6 30. Bd6 Rc8 31. Kf2 Bc4 32. Re1 Re8 33. Rxe8 Kxe8 34. c6 Bd5 35. c7 Kd7 36. Bf8 g6 37. Bxh6 Kxc7 38. Bg7 f5 39. Ke3 Kd7 40. Kf4 Ke6 41. Kg5 Kf7 42. Be5 a5 43. Bd6 Bc4 44. Bc7 Bd5 45. Bxa5 Bc4 46. Bc7 Bd5 47. Bd6 Bc4 48. Bc5 Bd5 49. Kf4 Ke6 50. g4 fxg4 51. fxg4 Bg2 52. h4 Bf1 53. h5 gxh5 54. gxh5 Be2 55. h6 Bd3 56. Bf8 Bh7 57. Bg7 Bg6 58. Kg5 Bh7 59. Kf4 Bg6 60. Ke3 Kd5 61. Kd2 Kc4 62. Ke3 Kd5 63. Bf8 Bh7 64. Bc5 Bg6 65. Kd2 Kc4 66. Ke2 Kd5 67. Kf3 Bh7 68. Kf4 Bg6 69. Kg5 Bd3 70. Kf6 1-0


[Site "https://www.chess.com"]

[Event "Titled Tuesday Blitz May 9 Early 2023"]
[White "Gomes, Luiz Alexandre de Souza"]
[Black "brm72"]
[WhiteFideId "2102790"]
[WhiteElo "2399"]
[BlackElo "2568"]
[Result "0-1"]
[Round "09"]
[TimeControl "180+2"]
[Date "2023.05.09"]
[WhiteClock "0:00:06"]
[BlackClock "0:00:05"]

1. e4 c5 2. Nf3 d6 3. d4 cxd4 4. Nxd4 Nf6 5. Nc3 a6 6. Rg1 h5 7. h3 e5 8. Nb3 Nc6 9. g4 hxg4 10. hxg4 Be6 11. g5 Nd7 12. g6 f6 13. Be3 Qc7 14. Nd5 Bxd5 15. Qxd5 O-O-O 16. c3 Ne7 17. Qe6 Kb8 18. O-O-O Nc6 19. Kb1 Be7 20. Be2 f5 21. exf5 Nf6 22. Nd2 d5 23. Nf3 Rhf8 24. Ng5 Rd6 25. Rh1 Ne4 26. Qxd6 Nxd6 27. Ne6 Qc8 28. Nxf8 Qxf8 29. Rxd5 Nxf5 30. Bb6 Bd8 31. Bxd8 Nxd8 32. Rhd1 Nc6 33. Rd7 e4 34. Rf7 Qc5 35. Bg4 Nh4 36. Rdd7 Na5 37. Rxg7 Qxf2 38. Rgf7 Qe1+ 39. Kc2 Qg1 40. g7 Qxg4 41. Rd8+ Ka7 42. g8=Q Qe2+ 43. Kc1 Nc4 44. Ra8+ Kb6 45. Qd8+ Kb5 46. Qd5+ Ka4 47. b3+ Ka3 48. bxc4 Qb2+ 49. Kd1 Qa1+ 50. Kd2 Qb2+ 51. Ke3 Qxc3+ 52. Kxe4 Qc2+ 53. Ke5 Ng6+ 54. Kd6 Qh2+ 55. Kd7 Ne5+ 56. Ke7 Nxf7 57. Kxf7 Qc7+ 58. Kf6 Qb6+ 59. Ke5 Qe3+ 60. Kd6 Qg5 61. Rd8 Qxd8+ 62. Kc5 Qc7+ 63. Kd4 Qf4+ 64. Kc3 Qe3+ 65. Kc2 b5 66. cxb5 Qe2+ 67. Kc3 Qxb5 68. Qxb5 axb5 69. Kc2 Kxa2 70. Kc3 Ka3 71. Kc2 b4 72. Kb1 Kb3 73. Kc1 Ka2 0-1


[Site "https://www.chess.com"]